 Dungeon Crawl Stone Soup version 0.31.0-4-g52a2dc7128 (webtiles) character file.

Game seed: 6540459996979754135

18512503 Implojin the Rhythm of Life and Death (level 27, 172/172 HPs)
             Began as a Vine Stalker Necromancer on Jan 21, 2024.
             Was a Follower of Uskayaw.
             Escaped with the Orb
             ... and 15 runes
             ... and 2 gems (both intact) on Jan 22, 2024!
             The game lasted 04:04:23 (84170 turns).

Implojin the Rhythm of Life and Death (VSNe)       Turns: 84170, Time: 04:04:23

Health: 172/172    AC: 43    Str: 18    XL:     27
Magic:  51/51      EV: 29    Int: 19    God:    Uskayaw [*.....]
Gold:   7926       SH: 37    Dex: 29    Spells: 33/35 levels left

rFire   + + +        B - +9 quick blade of Kismet {flame, rC+ rCorr Int+4 SInv}
rCold   + + +        u - +8 tower shield {AC+3}
rNeg    + + +        E - +4 plate armour of Vexation {rElec rF+ Int-2 Slay+5}
rPois   ∞            G - +3 hat of Pondering {ponderous, Will+ MP+10 Int+5}
rElec   +            c - +2 cloak {rC+}
rCorr   +            k - +2 pair of gloves {infuse}
SInv    +            z - +2 pair of boots {Stlth+}
Will    +++++        J - necklace of Bloodlust {Fury *Rage Will++ Int-3 Slay+6}
Stlth   ++           H - ring of the Hare {EV+10}
HPRegen 1.28/turn    M - ring "Fegralua" {rF+ Str+3 Dex+6}
MPRegen 0.32/turn

%: guardian spirit, infuse magic (1 MP)
@: death-form, studying Long Blades, slow
A: vile attack, torment immunity, no potions, fangs 3, regeneration 1, magic
shield, antimagic bite, no potion heal 2, fire resistance 1, weak 1, wild magic
1
0: Orb of Zot
}: 15/15 runes: decaying, serpentine, slimy, silver, golden, iron, obsidian,
icy, bone, abyssal, demonic, glowing, magical, fiery, dark
a: Siphon Essence, Begin Untransformation, Renounce Religion, Stomp


You escaped.
You worshipped Uskayaw.
Uskayaw was exalted by your worship.
You were an undying horror.
You visited 18 branches of the dungeon, and saw 88 of its levels.
You visited Pandemonium 1 time, and saw 19 of its levels.
You visited the Abyss 2 times.
You visited 1 bazaar.
You also visited: Trove, Volcano and Desolation.

You collected 11750 gold pieces.
You spent 3824 gold pieces at shops.

Inventory:

Hand Weapons
 o - a +2 rapier of holy wrath
 B - the +9 quick blade of Kismet (weapon) {flame, rC+ rCorr Int+4 SInv}
   (You acquired it on level 10 of the Dungeon)

   Int+4:     It affects your intelligence (+4).
   rC+:       It protects you from cold.
   SInv:      It lets you see invisible.
   rCorr:     It protects you from acid and corrosion.
 D - a +9 heavy rapier
 W - a +4 vampiric demon blade
Missiles
 x - 34 boomerangs (quivered)
 A - 4 darts of dispersal
 N - 4 silver javelins
 P - a curare-tipped dart
 T - a throwing net
Armour
 c - a +2 cloak of cold resistance (worn)
 d - a +1 pair of boots of flying
 k - a +2 pair of gloves of infusion (worn)
 u - a +8 tower shield of protection (worn)
 z - a +2 pair of boots of stealth (worn)
 E - the +4 plate armour of Vexation (worn) {rElec rF+ Int-2 Slay+5}
   (You found it on level 5 of the Vaults)

   Int-2:     It affects your intelligence (-2).
   Slay+5:    It affects your accuracy & damage with ranged weapons and melee
   (+5).
   rF+:       It protects you from fire.
   rElec:     It insulates you from electricity.
 G - the +3 hat of Pondering (worn) {ponderous, Will+ MP+10 Int+5}
   (You found it on level 7 of Tartarus)

   Int+5:     It affects your intelligence (+5).
   Will+:     It increases your willpower.
   MP+10:     It affects your magic capacity (+10).
Jewellery
 a - the ring "Ugigiq" {rElec rC+ rN+}
   (You found it on level 3 of the Crypt)

   [ring of positive energy]

   rC+:       It protects you from cold.
   rElec:     It insulates you from electricity.
   rN+:       It protects you from negative energy.
 v - a +4 ring of slaying
 H - the ring of the Hare (left hand) {EV+10}
   (You found it in the Desolation of Salt)

   [ring of evasion]

   EV+10:     It affects your evasion (+10).
 J - the necklace of Bloodlust (around neck) {Fury *Rage Will++ Int-3 Slay+6}
   (You found it in the Desolation of Salt)

   [amulet of nothing]

   Fury:      It extends the wearer's berserk rage when killing foes.
   Int-3:     It affects your intelligence (-3).
   Slay+6:    It affects your accuracy & damage with ranged weapons and melee
   (+6).
   Will++:    It greatly increases your willpower.
   *Rage:     It berserks you when you make melee attacks (+50% chance).
 L - the ring of Ziss {Fly rC+ rN+}
   (You found it on level 3 of the Crypt)

   [ring of positive energy]

   rC+:       It protects you from cold.
   rN+:       It protects you from negative energy.
   Fly:       It grants you flight.
 M - the ring "Fegralua" (right hand) {rF+ Str+3 Dex+6}
   (You took it off an ancient champion on level 7 of the Iron City of Dis)

   [ring of protection from fire]

   Str+3:     It affects your strength (+3).
   Dex+6:     It affects your dexterity (+6).
   rF+:       It protects you from fire.
 O - the amulet of the Air {Inacc Air Fly rElec RMsl}
   (You found it on level 3 of the Elven Halls)

   [amulet of nothing]

   Inacc:     It reduces the accuracy of your attacks and spells.
   Air:       It enhances your air magic.
   rElec:     It insulates you from electricity.
   Fly:       It grants you flight.
   RMsl:      It protects you from missiles.
 Q - the ring of the Tortoise {AC+8}
   (You found it on level 7 of Cocytus)

   [ring of protection]

   AC+8:      It affects your AC (+8).
 R - the ring "Digopeb" {MP+9 Int+8 SInv}
   (You found it on level 3 of the Tomb of the Ancients)

   [ring of see invisible]

   Int+8:     It affects your intelligence (+8).
   MP+9:      It affects your magic capacity (+9).
   SInv:      It lets you see invisible.
Talismans
 K - a talisman of death (active)
Wands
 n - a wand of quicksilver (86)
 S - a wand of digging (15)
Scrolls
 b - 3 scrolls of vulnerability
 i - 7 scrolls of fear
 j - 9 scrolls of immolation
 l - 2 scrolls of torment
 m - 2 scrolls of revelation
 r - 3 scrolls of silence
 t - 11 scrolls of teleportation
 I - a scroll of butterflies
Potions
 e - 3 potions of invisibility
 f - 23 potions of curing
 g - 4 potions of resistance
 p - 10 potions of enlightenment
 q - 14 potions of might
 w - 12 potions of mutation
 C - 3 potions of magic
 F - 4 potions of cancellation
 V - 6 potions of attraction
 X - 9 potions of ambrosia
 Y - 11 potions of haste
Miscellaneous
 h - a figurine of a ziggurat
 s - a phantom mirror
 y - a phial of floods
 U - a box of beasts


   Skills:
 * Level 26.4 Fighting
 - Level 20.0 Short Blades
 - Level 2.0 Throwing
 - Level 24.0 Armour
 - Level 17.0 Dodging
 - Level 20.0 Stealth
 O Level 27 Shields
 - Level 4.8 Spellcasting
 - Level 5.0 Necromancy
 - Level 10.0 Translocations
 O Level 27 Invocations
 - Level 4.0 Evocations
 - Level 23.0 Shapeshifting


You had 33 spell levels left.
You knew the following spells:

 Your Spells              Type           Power      Damage    Failure   Level
a - Necrotise             Necr           100%       1d9       16%         1
b - Apportation           Tloc           100%       N/A       2%          1

Your spell library contained the following spells:

 Spells                   Type           Power      Damage    Failure   Level
 Gell's Gravitas          Tloc           53%        N/A       7%          3
 Teleport Other           Tloc           53%        N/A       7%          3
 Manifold Assault         Tloc           53%        N/A       19%         4
 Momentum Strike          Conj/Tloc      60%        3d9       22%         2
 Sublimation of Blood     Necr           30%        N/A       22%         2
 Fugue of the Fallen      Necr           30%        N/A       38%         3
 Vampiric Draining        Necr           30%        2d8       38%         3
 Volatile Blastmotes      Fire/Tloc      60%        2d15      38%         3
 Cigotuvi's Dreadful Rot  Necr/Alch/Air  28%        N/A       61%         2
 Foxfire                  Conj/Fire      20%        2x1d5     71%         1
 Freeze                   Ice            20%        1d4       71%         1
 Magic Dart               Conj           20%        1d4       71%         1
 Sandblast                Erth           10%        2d5       71%         1
 Shock                    Conj/Air       20%        1d4       71%         1
 Slow                     Hex            20%        N/A       71%         1
 Sting                    Conj/Alch      20%        1d4       71%         1
 Summon Small Mammal      Summ           20%        N/A       71%         1
 Animate Dead             Necr           30%        N/A       78%         4
 Dimensional Bullseye     Hex/Tloc       15%        N/A       78%         4
 Dispel Undead            Necr           30%        3d14      78%         4
 Iskenderun's Mystic Bla  Conj/Tloc      30%        2d8       78%         4
 Vhi's Electric Charge    Tloc/Air       60%        N/A       78%         4
 Ensorcelled Hibernation  Hex/Ice        10%        N/A       83%         2
 Jinxbite                 Hex            10%        N/A       83%         2
 Mercury Vapours          Alch/Air       10%        N/A       83%         2
 Scorch                   Fire           10%        2d5       83%         2
 Static Discharge         Conj/Air       10%        3-4/arc   83%         2
 Dispersal                Tloc           26%        N/A       94%         6
 Call Canine Familiar     Summ           5%         N/A       96%         3
 Dazzling Flash           Conj/Hex       10%        N/A       96%         3
 Frozen Ramparts          Ice            10%        1d2       96%         3
 Hailstorm                Conj/Ice       5%         3d5       96%         3
 Inner Flame              Hex/Fire       5%         N/A       96%         3
 Mephitic Cloud           Conj/Alch/Air  5%         N/A       96%         3
 Ozocubu's Armour         Ice            5%         N/A       96%         3
 Passwall                 Erth           5%         N/A       96%         3
 Sigil of Binding         Hex            5%         N/A       96%         3
 Stone Arrow              Conj/Erth      10%        3d7       96%         3
 Summon Ice Beast         Ice/Summ       5%         N/A       96%         3
 Swiftness                Air            5%         N/A       96%         3
 Tukima's Dance           Hex            5%         N/A       96%         3
 Anguish                  Hex/Necr       9%         N/A       98%         4
 Martyr's Knell           Necr/Summ      18%        N/A       98%         4
 Curse of Agony           Necr           30%        N/A       98%         5
 Summon Forest            Summ/Tloc      15%        N/A       98%         5
 Airstrike                Air            2%         2d(1-17)  100%        4
 Animate Armour           Summ/Erth      10%        N/A       100%        4
 Brom's Barrelling Bould  Conj/Erth      5%         2d3       100%        4
 Cause Fear               Hex            2%         N/A       100%        4
 Flame Wave               Conj/Fire      5%         2d5       100%        4
 Fulminant Prism          Conj/Alch      2%         3d5       100%        4
 Ignite Poison            Fire/Alch      5%         N/A       100%        4
 Leda's Liquefaction      Alch/Erth      2%         N/A       100%        4
 Olgreb's Toxic Radiance  Alch           5%         N/A       100%        4
 Petrify                  Alch/Erth      5%         N/A       100%        4
 Sticky Flame             Fire/Alch      5%         2d4       100%        4
 Summon Blazeheart Golem  Fire/Summ      5%         N/A       100%        4
 Summon Lightning Spire   Summ/Air       5%         N/A       100%        4
 Alistair's Intoxication  Alch           3%         N/A       100%        5
 Arcjolt                  Conj/Air       2%         1d12      100%        5
 Borgnjor's Vile Clutch   Necr/Erth      9%         N/A       100%        5
 Fireball                 Conj/Fire      2%         3d4       100%        5
 Freezing Cloud           Conj/Ice/Air   2%         6-21      100%        5
 Irradiate                Conj/Alch      2%         3d12      100%        5
 Iskenderun's Battlesphe  Conj           5%         2d6       100%        5
 Lee's Rapid Deconstruct  Erth           2%         3d5*      100%        5
 Metabolic Englaciation   Hex/Ice        2%         N/A       100%        5
 Silence                  Hex/Air        2%         N/A       100%        5
 Summon Mana Viper        Hex/Summ       5%         N/A       100%        5
 Yara's Violent Unravell  Hex/Alch       2%         3d3       100%        5
 Bombard                  Conj/Erth      2%         9d1       100%        6
 Conjure Ball Lightning   Conj/Air       2%         3x3d6     100%        6
 Death Channel            Necr           15%        N/A       100%        6
 Eringya's Noxious Bog    Alch           2%         4d6       100%        6
 Plasma Beam              Fire/Air       2%         2x1d12    100%        6
 Sculpt Simulacrum        Ice/Alch       2%         N/A       100%        6
 Starburst                Conj/Fire      2%         6d3       100%        6
 Summon Cactus Giant      Summ           2%         N/A       100%        6
 Enfeeble                 Hex            2%         N/A       100%        7
 Haunt                    Necr/Summ      9%         N/A       100%        7
 Malign Gateway           Summ/Tloc      15%        N/A       100%        7
 Monstrous Menagerie      Summ           2%         N/A       100%        7
 Orb of Destruction       Conj           2%         9d5       100%        7
 Ozocubu's Refrigeration  Ice            2%         4d8       100%        7
 Spellforged Servitor     Conj/Summ      2%         N/A       100%        7
 Summon Hydra             Summ           2%         N/A       100%        7
 Borgnjor's Revivificati  Necr           15%        N/A       100%        8
 Discord                  Hex            2%         N/A       100%        8
 Disjunction              Tloc           26%        N/A       100%        8
 Ignition                 Fire           2%         3d3       100%        8
 Infestation              Necr           15%        N/A       100%        8
 Lehudib's Crystal Spear  Conj/Erth      2%         10d2      100%        8
 Summon Horrible Things   Summ           2%         N/A       100%        8
 Chain Lightning          Conj/Air       2%         3d3       100%        9
 Death's Door             Necr           15%        N/A       100%        9
 Dragon's Call            Summ           2%         N/A       100%        9
 Fire Storm               Conj/Fire      2%         8d1       100%        9
 Shatter                  Erth           2%         3d6*      100%        9


Dungeon Overview and Level Annotations

Branches:
Dungeon (15/15)            Temple (1/1) D:4            Lair (5/5) D:10
  Swamp (4/4) Lair:3        Snake (4/4) Lair:3        Slime (5/5) Lair:4
    Orc (2/2) D:9             Elf (3/3) Orc:2        Vaults (5/5) D:13
  Crypt (3/3) Vaults:2       Tomb (3/3) Crypt:3      Depths (4/4) D:15
   Hell (visited)             Dis (7/7) Hell            Geh (7/7) Hell
    Coc (7/7) Hell            Tar (7/7) Hell            Zot (5/5) Depths:4
Volcano (visited)         Desolation (visited)

Altars:
Ashenzari
Cheibriados
Dithmenos
Elyvilon
Fedhas
Gozag
Hepliaklqana
Kikubaaqudgha
Makhleb
Nemelex Xobeh
Okawaru
Qazlal
Ru
Sif Muna
Trog
Uskayaw
Vehumet
Wu Jian
Xom
Yredelemnul
Zin
The Shining One
Jiyva

Shops:
D:2 (   D:6 :   D:10 !   D:15 *   Orc:1 *   Orc:2 [=(:   Snake:1 [   Snake:2 ?
Snake:4 :   Vaults:2 ?   Depths:2 =::

Portals:
Hell: Depths:1 Depths:2 Depths:3 Depths:4
Abyss: Lair:5 Depths:2 Depths:3
Pandemonium: Depths:2 Depths:4
Ziggurat: Depths:4

Annotations:
Orc:2 1 runed translucent door


Innate Abilities, Weirdness & Mutations

You are an undying horror.
Your melee and unarmed attacks drain, slow and weaken victims.
You are immune to unholy pain and torment.
You cannot drink.
You are immune to poison.
You have razor-sharp teeth.
Your natural rate of healing is unusually fast.
When hurt, damage is shared between your health and your magic reserves.
Your bite disrupts and absorbs the magic of your enemies.
Potions cannot restore your health.
Your flesh is heat resistant. (rF+)
You are weak. (Str -2)
Your spells are a little harder to cast, but a little more powerful.


Message History

Danger: Brimstone Fiend |T2| Reason: Damnation in LOS, careful!
Danger: Brimstone Fiend |T2| Reason: Damnation in LOS, careful!
You hit the Brimstone Fiend but do no damage.
You bite the Brimstone Fiend!
The Brimstone Fiend's magic leaks into the air.
You drain its magic.
You feel invigorated.
You impale the Brimstone Fiend!!
The Brimstone Fiend decays.
You bite the Brimstone Fiend, but do no damage.
The Brimstone Fiend is moderately wounded.
You puncture the Brimstone Fiend!
The Brimstone Fiend decays.
You bite the Brimstone Fiend, but do no damage.
You hit the Brimstone Fiend.
The Brimstone Fiend decays.
Your bite misses the Brimstone Fiend.
The Brimstone Fiend is heavily wounded.
You block the Brimstone Fiend's attack. x3
You puncture the Brimstone Fiend!
The Brimstone Fiend decays.
Your bite misses the Brimstone Fiend.
You hit the Brimstone Fiend but do no damage.
You bite the Brimstone Fiend!
The Brimstone Fiend's magic leaks into the air.
You drain its magic.
You feel invigorated.
The Brimstone Fiend is severely wounded.
You can now pass through a line of other dancers.
You hit the Brimstone Fiend.
The Brimstone Fiend decays.
You bite the Brimstone Fiend!
The Brimstone Fiend's magic leaks into the air.
You drain its magic.
You feel invigorated.
You hit the Brimstone Fiend.
The Brimstone Fiend decays.
You bite the Brimstone Fiend!
The Brimstone Fiend's magic leaks into the air.
You drain its magic.
You feel invigorated.
The Brimstone Fiend is almost dead.
You puncture the Brimstone Fiend!
You kill the Brimstone Fiend!
You enter the shallow water.
Moving in this stuff is going to be slow.
You can no longer pass through a line of other dancers.
There is a staircase leading out of the dungeon here.
Enter note: :what a game Unknown command.
You have escaped!

#.....###.###.##........
##################.#####
#.##..#.#.## #.# ###.#........##
##.## #.............###...#
###............#.....#
#......~~~......##...####
####.....~...~.....##......#
#........~.z.~......#.......
#.##.....≈...~...........).#
#.##......~~≈......##......#
#.###.............##...#...#
######.# #.#...........#..#.#####
.......########.......##..#.#
.........# #.....#.###..#.##
.......################......###
......>###..#.##..####..###....##


There were no monsters in sight!

Vanquished Creatures
  Cerebov (Pan)
  Antaeus (Coc:7)
  Asmodeus (Geh:7)
  the Royal Jelly (Slime:5)
  Lom Lobon (Pan)
  Mnoleg (Pan)
  Gloorx Vloq (Pan)
  Ereshkigal (Tar:7)
  the Serpent of Hell (Dis:7)
  Dispater (Dis:7)
  14 dread liches
  12 ancient liches
  Mennas (Crypt:2)
  5 orbs of fire
  3 juggernauts (Dis:7)
  14 royal mummies
  Xtahua (Crypt:3)
  Josephina (Zot:2)
  Sojobo (Crypt:2)
  Bai Suzhen (Elf:3)
  16 pandemonium lords
  The ghost of Qiwept the Fencer, a veteran BaIE of Cheibriados (Depths:1)
  5 Killer Klowns
  Saint Roka (Vaults:1)
  The ghost of Woadakig the Executioner, a veteran FoFi of Dithmenos (Crypt:2)
  5 curse toes
  9 shard shrikes
  23 caustic shrikes
  Geryon (Hell)
  13 golden dragons
  Jory (Vaults:3)
  13 profane servitors
  28 bone dragons
  28 Tzitzimimeh
  4 electric golems
  12 Brimstone Fiends
  Zenata (Crypt:3)
  3 spectral shard shrikes
  17 doom hounds
  9 iron giants
  27 Ice Fiends
  9 hellephants
  21 tainted leviathans
  30 Hell Sentinels
  15 tentacled monstrosities
  Grunn (Crypt:2)
  36 Orb Guardians
  9 liches
  A walking frostbound tome (Depths:1)
  22 titans
  7 deep elf blademasters
  8 sphinxes
  3 deep elf master archers
  8 quicksilver dragons
  25 searing wretches
  2 shard shrike skeletons
  7 acid blobs
  20 Executioners
  41 ancient champions
  A thorn hunter (Swamp:4)
  11 tentacled starspawn
  16 death cobs
  The ghost of Arctor the Earth Mage, an adept KoHs of Ashenzari (Elf:2)
  12 shadow dragons
  6 demonspawn warmongers (Pan)
  8 protean progenitors
  24 storm dragons
  Aizul (Snake:3)
  25 fire giants
  9 tengu reavers
  A fenstrider witch (Pan)
  The ghost of OceanMan the Blocker, a journeyman MiFi of Trog (D:13)
  6 draconian monks
  11 azure jellies
  6 rockslimes (Slime:5)
  12 narguns
  9 revenants
  A daeva (Tomb:1)
  8 draconian shifters
  8 nagarajas
  6 frost giants
  9 iron dragons
  3 draconian knights
  7 deep elf sorcerers
  28 vault wardens
  3 deep elf elementalists
  9 draconian scorchers
  11 quicksilver elementals
  13 ghost moths
  A juggernaut zombie (Crypt:3)
  An imperial myrmidon (Desolation)
  An orc warlord (Vaults:2)
  43 balrugs
  7 curse skulls
  4 spectral juggernauts
  4 draconian stormcallers
  An angel (Tomb:1)
  A ghoul (Crypt:1)
  9 shard shrike simulacra
  The ghost of Implojin the Brawler, an adept VSNe of Ru (Snake:3)
  18 ironbound preservers
  28 reapers
  8 draconian annihilators
  8 demonspawn blood saints (Pan)
  6 demonspawn corrupters (Pan)
  4 spectral caustic shrikes
  18 cacodemons
  A formless jellyfish (Vaults:3)
  4 caustic shrike skeletons (Pan)
  13 stone giants
  13 very ugly things
  6 juggernaut skeletons (Pan)
  5 quicksilver oozes (Slime:5)
  The ghost of Bopry the Metamorph, a journeyman DrSh of Gozag (Lair:5)
  4 eleionomae
  9 deep elf death magi
  8 ironbound thunderhulks
  3 spriggan defenders
  8 bennus
  21 putrid mouths
  21 war gargoyles
  10 demonspawn black suns
  18 black draconians
  8 lorocyprocas
  26 elemental wellsprings
  23 wendigos
  4 vampire knights
  5 deep elf annihilators
  42 starcursed masses
  12 yellow draconians
  8 bunyips
  9 green draconians
  8 deep elf demonologists
  3 halazid warlocks (Desolation)
  2 spectral titans (Tar:5)
  15 red draconians
  3 dire elephants (Vaults:2)
  Snorg (Lair:4)
  4 spark wasps
  15 mummy priests
  12 white draconians
  8 blizzard demons
  2 fire dragons (Depths:3)
  21 iron golems
  3 jiangshi (Crypt:2)
  14 ettins
  14 green deaths
  6 purple draconians
  10 eidola
  10 yaktaur captains
  A quicksilver dragon zombie (Crypt:3)
  A spectral quicksilver dragon (Tar:5)
  4 crystal guardians
  9 ragged hierophants (Desolation)
  A shambling mangrove (Swamp:3)
  The ghost of Zusoliwk the Skirmisher, a journeyman CeHu of Okawaru (Lair:1)
  5 deep elf high priests
  11 great orbs of eyes
  5 spectral spriggans
  28 hydras
  55 vault guards
  6 servants of whispers (Desolation)
  2 spriggan zombies (Crypt:3)
  13 ice dragons
  6 hell beasts
  10 peacekeepers
  8 spriggan air magi
  11 ironbound frosthearts
  Harold (Orc:1)
  22 caustic shrike simulacra
  A rakshasa (Tomb:1)
  4 spriggan skeletons
  3 ghost crabs
  7 salamander tyrants
  25 stokers
  9 juggernaut simulacra
  A merfolk aquamancer (Pan)
  2 jorogumos (Pan)
  2 ogre magi (D:15)
  2 radroaches (Zot:5)
  Erica (D:8)
  3 catoblepae (Lair:5)
  8 centaur warriors
  28 anacondas
  A spectral stone giant (Tar:5)
  5 alligators
  A boulder beetle (D:15)
  6 death knights
  30 death scarabs
  44 hell hogs
  37 dancing weapons
  6 deep troll shamans
  6 death yaks (Lair:5)
  2 spriggan berserkers
  4 tengu warriors
  4 deep troll earth magi
  13 naga warriors
  9 occultists
  4 orc high priests
  10 two-headed ogres
  A demonic crawler (Pan)
  8 vampire magi
  9 naga sharpshooters
  13 shock serpents
  8 thrashing horrors
  15 deep elf knights
  A storm dragon zombie (Zot:1)
  A spectral dire elephant (Tar:2)
  69 sun demons
  2 hellephant skeletons (Pan)
  Urug (Lair:4)
  15 crystal echidnas
  16 spriggans
  A titan skeleton (Vaults:4)
  7 wretched stars
  45 soul eaters
  5 iron trolls
  20 sixfirhies
  28 skeletal warriors
  18 hell knights
  A skyshark (Lair:5)
  6 salamander mystics
  22 shadow wraiths
  34 deep trolls
  2 spatial maelstroms
  A fire crab (Lair:3)
  A storm dragon skeleton (Crypt:1)
  2 cherubim (Elf:1)
  4 naga ritualists
  19 shadow demons
  A spectral anaconda (Tar:1)
  A spectral iron dragon (Tar:3)
  5 spriggan druids
  A deep troll (shapeshifter) (Depths:3)
  6 flayed ghosts
  A death drake (shapeshifter) (Depths:4)
  9 quicksilver dragon simulacra
  4 goliath frogs
  A mana viper (shapeshifter) (Depths:3)
  An obsidian statue (Zot:1)
  3 arcanists
  10 mana vipers
  5 orange crystal statues
  An iron giant skeleton (Crypt:1)
  14 deep elf archers
  2 sea snakes (Snake:3)
  A swamp dragon (shapeshifter) (Vaults:5)
  An anaconda zombie (Hell)
  4 glowing orange brains
  A shadow dragon zombie (Vaults:2)
  Pikel (D:7)
  27 phantasmal warriors
  9 swamp dragons
  8 bog bodies
  13 lindwurms
  19 deep elf zephyrmancers
  20 necromancers
  An iron dragon zombie (Crypt:3)
  4 fire giant zombies
  2 anaconda skeletons (Crypt:2)
  An elf zombie (Vaults:2)
  4 sun moths (Pan)
  22 ironbound convokers
  2 cyclopes
  4 alligator zombies
  3 orc knights
  3 wolf spiders (Crypt:3)
  12 ugly things
  An alligator skeleton (Hell)
  18 deep elf pyromancers
  6 orc sorcerers
  A spectral ettin (Tar:5)
  2 tengu skeletons
  5 shining eyes
  2 worldbinders (Abyss:6)
  4 manticores
  4 will-o-the-wisps
  28 salamanders
  Maurice (D:10)
  2 dire elephant zombies
  26 large abominations
  2 spectral centaurs
  A spectral alligator snapping turtle (Tar:3)
  5 kobold blastminers
  A rust devil (D:3)
  An eleionoma skeleton (Crypt:1)
  12 elephants
  9 guardian serpents
  2 centaur zombies
  33 moths of wrath
  A water nymph (shapeshifter) (Vaults:2)
  3 eyes of devastation
  A toenail golem (Vaults:2)
  13 cane toads
  3 ice statues
  4 titan simulacra
  28 black mambas
  2 naga skeletons
  27 vault sentinels
  27 hellions
  5 molten gargoyles (Hell)
  18 naga magi
  5 gargoyles (Volcano)
  A white draconian zombie (Crypt:2)
  28 smoke demons
  9 komodo dragons
  21 orange demons
  2 dire elephant skeletons
  4 rime drakes
  7 ice devils
  17 freezing wraiths
  A kobold demonologist (D:9)
  A human zombie (Vaults:2)
  A storm dragon simulacrum (Zot:2)
  8 unseen horrors
  A yellow draconian skeleton (Crypt:2)
  A pale draconian skeleton (Crypt:2)
  4 bunyip simulacra
  A sea snake zombie (Hell)
  3 spectral harpies
  16 efreet
  40 yaktaurs
  5 ancient zymes
  5 anaconda simulacra
  4 tengu conjurers (Depths:3)
  4 polar bears
  33 guardian mummies
  A queen bee (shapeshifter) (D:13)
  27 tormentors
  2 silent spectres (Tar:5)
  5 spectral nagas
  8 trolls
  A golden dragon simulacrum (Coc:7)
  3 iron giant simulacra
  6 red devils
  4 harpy zombies
  19 hellwings
  3 harpy skeletons
  17 hornets
  10 tyrant leeches
  57 saltlings (Desolation)
  A hydra skeleton (Hell)
  Prince Ribbit (D:7)
  16 blink frogs
  2 shadow dragon simulacra
  3 wind drakes (Pan)
  A moth of wrath zombie (Zot:1)
  A stone giant simulacrum (Coc:2)
  4 glass eyes
  16 raiju
  A draconian simulacrum (Zot:2)
  10 dream sheep
  2 iron dragon simulacra
  44 slime creatures
  A death drake skeleton (Crypt:1)
  A spectral black mamba (Tar:1)
  4 jumping spiders (Crypt:3)
  85 yaks
  2 air elementals
  10 small abominations
  9 wraiths
  3 wyverns
  12 water elementals
  10 dire elephant simulacra
  2 basilisks
  A vampire (Abyss:2)
  22 ynoxinuls
  6 fire bats
  6 ushabtiu
  An alligator snapping turtle simulacrum (Coc:2)
  10 golden eyes
  5 fire elementals (Volcano)
  7 humans
  A black mamba skeleton (Tomb:2)
  A white draconian simulacrum (Zot:2)
  An elf skeleton (Vaults:2)
  A steam dragon (D:9)
  A redback (Crypt:3)
  An elf simulacrum (Vaults:2)
  25 neqoxecs
  4 wargs
  A yaktaur simulacrum (Vaults:2)
  12 chaos spawn
  2 nagas (shapeshifter)
  18 vampire mosquitoes
  A death yak simulacrum (Lair:3)
  32 nagas
  8 spatial vortices
  17 harpy simulacra
  10 swamp worms
  A glowing shapeshifter zombie (Vaults:2)
  3 naga zombies (Crypt:3)
  2 hydra simulacra
  A water moccasin (shapeshifter) (D:14)
  An acid dragon (D:12)
  An acid dragon (shapeshifter) (Abyss:5)
  3 hell hounds
  2 moth of wrath simulacra (Zot:2)
  15 water moccasins
  A deep troll skeleton (Crypt:3)
  A glowing shapeshifter skeleton (Crypt:2)
  18 orc warriors
  8 swamp drakes
  7 ettin simulacra
  40 laughing skulls
  7 black bears
  10 ogres
  3 ice beasts
  A tengu (D:6)
  10 wolves
  A boggart (Vaults:2)
  13 centaurs
  A human skeleton (Vaults:2)
  A lemure (D:7)
  2 phantoms
  A kobold brigand (D:8)
  A brain worm (Abyss:3)
  2 weeping skulls (Abyss:2)
  6 earth elementals
  12 bullfrogs
  2 gnoll sergeants
  2 scorpions (D:10)
  A cane toad simulacrum (Lair:3)
  An entropy weaver simulacrum (Lair:3)
  8 wyvern skeletons (Crypt:3)
  9 killer bees
  4 bombardier beetles
  A quasit (Abyss:2)
  2 hounds
  3 jellies (Lair:4)
  22 orc priests
  A sleepcap (D:6)
  2 hell rats (Lair:2)
  32 orc wizards
  4 iguanas
  7 spriggan simulacra
  Terence (D:3)
  A wolf simulacrum (Lair:3)
  A deep dwarf zombie (Crypt:1)
  A sky beast zombie (Crypt:1)
  17 mummies
  7 gnolls
  5 adders
  7 river rats (Lair:2)
  A shadow imp (D:5)
  4 white imps
  8 ufetubi
  2 dart slugs
  3 ribbon worms
  58 orcs
  6 ball pythons
  9 endoplasms
  2 giant cockroaches (D:2)
  8 goblins
  8 hobgoblins
  5 jackals
  A quokka (D:1)
  5 bats
  2 frilled lizards
  A frilled lizard skeleton (Crypt:2)
  2 goblin skeletons (Crypt:2)
  16 kobolds
  4 rats
  A river rat skeleton (Crypt:2)
  2 aspiring fleshes
  3 creeping infernos
  8 fire vortices
  6 starspawn tentacles
4087 creatures vanquished.

Vanquished Creatures (collateral kills)
  A dart slug (D:2)
  A bat (D:1)
  An endoplasm (D:2)
  A goblin (D:2)
4 creatures vanquished.

Vanquished Creatures (others)
  A royal mummy (Tomb:3)
  An Ice Fiend (Coc:7)
  A tentacled monstrosity (Pan)
  An eldritch tentacle (Pan)
  An ancient champion (Tomb:3)
  A deep elf sorcerer (Abyss:7)
  A shard shrike simulacrum (Coc:7)
  An elemental wellspring (Coc:7)
  8 bennus (Tomb:3)
  A mummy priest (Tomb:3)
  A blizzard demon (Tomb:2)
  A green death (Pan)
  A vault guard (D:13)
  An ice dragon (Depths:2)
  2 juggernaut simulacra
  A death scarab (Tomb:3)
  A soul eater (Hell)
  4 skeletal warriors (Tomb:3)
  A shadow demon (Pan)
  4 spriggan simulacra
  An anaconda zombie (Hell)
  A titan simulacrum (Coc:5)
  A hellion (Coc:5)
  An iron giant simulacrum (Coc:3)
  A golden dragon simulacrum (Coc:4)
  6 guardian mummies
  2 bloated husks (Swamp:1)
  2 dire elephant simulacra
  A naga simulacrum (Coc:5)
  2 neqoxecs (Pan)
  6 harpy simulacra
  2 ettin simulacra (Coc:7)
  8 ball lightnings
  A creeping inferno (Geh:6)
  9 foxfires
  3 lurking horrors
  14 starspawn tentacles
95 creatures vanquished.

Grand Total: 4186 creatures vanquished

Notes
Turn   | Place    | Note
-------+----------+-------------------------------------------
     0 | D:1      | Implojin the Vine Stalker Necromancer began the quest for
                  | the Orb.
     0 | D:1      | Reached XP level 1. HP: 9/9 MP: 4/4
    85 | D:1      | Reached skill level 1 in Fighting
   114 | D:1      | Reached XP level 2. HP: 10/14 MP: 4/6
   506 | D:1      | Reached XP level 3. HP: 18/18 MP: 0/7
  1101 | D:2      | Found Fod Yhos's Weapon Shop.
  1513 | D:2      | Reached XP level 4. HP: 23/23 MP: 0/8
  1744 | D:2      | Reached skill level 5 in Necromancy
  1936 | D:3      | Noticed Terence
  2057 | D:3      | Reached skill level 1 in Short Blades
  2083 | D:3      | Reached skill level 1 in Throwing
  2083 | D:3      | Reached XP level 5. HP: 20/26 MP: 1/9
  2332 | D:3      | Found a stormy altar of Qazlal.
  2333 | D:3      | Noticed an air elemental
  2334 | D:3      | Noticed a water elemental
  2334 | D:3      | Noticed a fire elemental
  2597 | D:3      | Killed Terence
  2731 | D:3      | Reached XP level 6. HP: 29/30 MP: 7/10
  2990 | D:4      | Found a staircase to the Ecumenical Temple.
  3009 | Temple   | Entered the Ecumenical Temple
  3120 | Temple   | Became a worshipper of Uskayaw the Reveller
  3334 | D:4      | Reached * piety under Uskayaw
  3486 | D:4      | Reached skill level 1 in Invocations
  3540 | D:4      | Noticed a black bear
  3565 | D:4      | Killed a black bear
  3566 | D:4      | Reached XP level 7. HP: 32/35 MP: 11/11
  3864 | D:4      | Found a blossoming altar of Fedhas.
  4005 | D:5      | Entered Level 5 of the Dungeon
  4013 | D:5      | Reached ** piety under Uskayaw
  4018 | D:5      | Reached *** piety under Uskayaw
  4019 | D:5      | You fall into a shaft and drop 2 floors!
  4054 | D:7      | Noticed Dowan
  4060 | D:7      | Noticed Duvessa
  4067 | D:6      | Found Quatak's Book Emporium.
  4253 | D:5      | Identified the +0 mace "Wusebb" {protect, ^Fragile MP+9
                  | Int+2}
  4291 | D:5      | Reached skill level 5 in Invocations
  4783 | D:6      | Identified the +0 ring mail of the Spider Nest {rC- Will-
                  | Str+3 Dex+6}
  5125 | D:6      | Found an ornate altar of the Wu Jian Council.
  5187 | D:6      | Gained mutation: You have razor-sharp teeth. [Vine Stalker
                  | growth]
  5187 | D:6      | Reached XP level 8. HP: 39/39 MP: 13/13
  5450 | D:6      | Dowan changed into Dowan the killer bee
  5450 | D:6      | Noticed Dowan
  5553 | D:6      | Duvessa changed into Duvessa the tengu
  5553 | D:6      | Noticed Duvessa
  5555 | D:6      | Killed Dowan the killer bee
  5560 | D:6      | Killed Duvessa the tengu
  5674 | D:6      | Found a shadowy altar of Dithmenos.
  5829 | D:7      | Noticed Prince Ribbit
  5847 | D:7      | Killed Prince Ribbit
  5878 | D:7      | Noticed Pikel
  5910 | D:7      | Killed Pikel
  5911 | D:7      | Reached XP level 9. HP: 20/42 MP: 3/17
  6058 | D:7      | Reached **** piety under Uskayaw
  6167 | D:7      | Reached skill level 5 in Stealth
  6420 | D:8      | Noticed Erica
  6558 | D:8      | Reached skill level 1 in Shields
  6576 | D:8      | Found a bloodstained altar of Trog.
  6627 | D:8      | Reached skill level 1 in Evocations
  6634 | D:8      | Reached ***** piety under Uskayaw
  6636 | D:8      | Reached XP level 10. HP: 21/46 MP: 18/18
  6785 | D:9      | Paralysed by a hornet for 3 turns
  7010 | D:9      | Found a staircase to the Orcish Mines.
  7016 | D:9      | Noticed a kobold demonologist
  7051 | D:9      | Noticed a soul eater
  7056 | D:9      | Killed a kobold demonologist
  7057 | D:9      | Reached skill level 5 in Short Blades
  7441 | D:9      | Found a sacrificial altar of Ru.
  7841 | D:10     | Entered Level 10 of the Dungeon
  7847 | D:10     | Identified a scroll of acquirement
  7848 | D:10     | Acquired the +9 quick blade of Kismet {flame, rC+ rCorr
                  | Int+4 SInv}
  7853 | D:10     | Noticed a two-headed ogre
  7863 | D:10     | Killed a two-headed ogre
  7877 | D:10     | Noticed a two-headed ogre
  7887 | D:10     | Killed a two-headed ogre
  7900 | D:10     | Found Soabir's Distillery.
  7954 | D:10     | Identified the +7 trident "Ycishuot" {heavy, Str+6}
  7971 | D:10     | Reached XP level 11. HP: 53/53 MP: 19/19
  7993 | D:10     | Noticed Maurice
  8000 | D:10     | Maurice stole a ring of ice
  8002 | D:10     | Killed Maurice
  8010 | D:10     | Reached ****** piety under Uskayaw
  8021 | D:10     | Found a staircase to the Lair.
  8234 | D:10     | Bought a potion of enlightenment for 80 gold pieces
  8234 | D:10     | Bought a potion of curing for 48 gold pieces
  8234 | D:10     | Bought a potion of haste for 160 gold pieces
  8234 | D:10     | Bought a potion of berserk rage for 80 gold pieces
  8234 | D:10     | Bought a potion of cancellation for 128 gold pieces
  8234 | D:10     | Bought a potion of attraction for 48 gold pieces
  8441 | D:10     | Found a glowing silver altar of Zin.
  8693 | D:11     | Reached skill level 10 in Short Blades
  8693 | D:11     | Noticed a cyan ugly thing
  8699 | D:11     | Killed a cyan ugly thing
  8785 | D:11     | Noticed a cyclops
  8793 | D:11     | Killed a cyclops
  8794 | D:11     | Reached skill level 5 in Shields
  8942 | D:11     | Noticed an orc knight
  8957 | D:11     | Killed an orc knight
  8965 | D:11     | HP: 1/53 [warg[an orc knight] (15)]
  8968 | D:11     | Reached skill level 10 in Invocations
  9470 | D:8      | Found a shimmering blue altar of Sif Muna.
  9989 | Lair:1   | Entered Level 1 of the Lair of Beasts
 10000 | Lair:1   | Reached XP level 12. HP: 54/58 MP: 21/21
 10140 | Lair:1   | Found a runed translucent door.
 10145 | Lair:1   | Found a shimmering altar of Xom.
 10145 | Lair:1   | Noticed Zusoliwk's ghost (journeyman CeHu)
 10841 | Lair:2   | Noticed a six-headed hydra
 10846 | Lair:2   | Killed a six-headed hydra
 11673 | Lair:3   | Noticed a four-headed hydra
 11698 | Lair:3   | Reached XP level 13. HP: 61/61 MP: 23/23
 11961 | Lair:4   | Noticed Urug
 11962 | Lair:4   | Killed Urug
 12010 | Lair:4   | Found a viscous altar of Jiyva.
 12010 | Lair:4   | Found a staircase to the Slime Pits.
 12073 | Lair:4   | Reached skill level 5 in Fighting
 12080 | Lair:4   | Reached skill level 1 in Armour
 12138 | Lair:4   | Found a dark tunnel.
 12168 | Volcano  | Entered a volcano
 12204 | Volcano  | Noticed a stone giant
 12204 | Volcano  | Found a large runed translucent door.
 12204 | Volcano  | Found a large runed translucent door.
 12204 | Volcano  | Found a large runed translucent door.
 12204 | Volcano  | Found a large runed translucent door.
 12204 | Volcano  | Found a large runed translucent door.
 12205 | Volcano  | Found a large runed translucent door.
 12253 | Volcano  | Noticed a stone giant
 12254 | Volcano  | Found a large runed translucent door.
 12254 | Volcano  | Found a large runed translucent door.
 12260 | Volcano  | Killed a stone giant
 12261 | Volcano  | Noticed a stone giant
 12271 | Volcano  | Killed a stone giant
 12329 | Volcano  | Found a large runed translucent door.
 12329 | Volcano  | Found a large runed translucent door.
 12359 | Volcano  | Found a large runed translucent door.
 12359 | Volcano  | Found a large runed translucent door.
 12430 | Volcano  | Found a large runed translucent door.
 12430 | Volcano  | Found a large runed translucent door.
 12443 | Volcano  | Reached skill level 5 in Armour
 12480 | Volcano  | Found a large runed translucent door.
 12480 | Volcano  | Found a large runed translucent door.
 12495 | Volcano  | Found a large runed translucent door.
 12495 | Volcano  | Found a large runed translucent door.
 12545 | Volcano  | Killed a stone giant
 12841 | Lair:3   | Reached XP level 14. HP: 67/68 MP: 24/24
 12857 | Lair:3   | Identified the +0 leather armour "Kaof" {+Inv rElec rPois
                  | rF+}
 13026 | Lair:3   | Found a staircase to the Swamp.
 13158 | Lair:3   | Found a staircase to the Snake Pit.
 13538 | Lair:4   | Noticed Snorg
 13550 | Lair:4   | Killed Snorg
 14150 | Lair:5   | Entered Level 5 of the Lair of Beasts
 14414 | Lair:5   | Found a one-way gate to the infinite horrors of the Abyss.
 14415 | Lair:5   | Noticed Bopry's ghost (journeyman DrSh)
 14416 | Lair:5   | Found a transporter.
 14671 | Lair:5   | Found a transporter.
 14740 | Lair:5   | Found a stormy altar of Qazlal.
 15152 | Lair:5   | Identified the +1 trident of Demonkind {speed, *Noise Int+2
                  | Dex+2}
 15568 | Lair:1   | Killed Zusoliwk's ghost
 15569 | Lair:1   | Reached XP level 15. HP: 67/77 MP: 22/26
 15754 | D:8      | Killed Erica
 15827 | D:8      | Found a bloodstained altar of Trog.
 16204 | D:8      | Found a shimmering blue altar of Sif Muna.
 16952 | D:13     | Found a large runed translucent door.
 16953 | D:13     | Found a large runed translucent door.
 16956 | D:13     | Noticed OceanMan's ghost (journeyman MiFi)
 17021 | D:13     | Killed OceanMan's ghost
 17029 | D:13     | Identified the +3 leather armour "Liuzxu" {Regen+}
 17183 | D:13     | Identified the +0 buckler of Fanuoloc {*Corrode rN+ Dex+2}
 17221 | D:13     | Reached skill level 15 in Invocations
 17634 | D:13     | Acquired a manual of Armour
 17835 | D:13     | Reached skill level 10 in Stealth
 17935 | D:13     | Found a gate to the Vaults.
 18030 | D:13     | Identified the +2 glaive of Valiance {spect, rN+ Will-
                  | rCorr Str+6}
 19262 | D:15     | Entered Level 15 of the Dungeon
 19321 | D:15     | Found Xofe's General Store.
 19447 | D:15     | Reached XP level 16. HP: 55/81 MP: 24/28
 19700 | D:15     | Reached skill level 10 in Shields
 20013 | D:15     | Found a staircase to the Depths.
 20356 | Orc:1    | Entered Level 1 of the Orcish Mines
 20539 | Orc:2    | Entered Level 2 of the Orcish Mines
 20539 | Orc:2    | Found a runed translucent door.
 20540 | Orc:2    | Found the +10 tower shield of Ignorance {rN+ Int-4}
 20558 | Orc:2    | Found a runed translucent door.
 20631 | Orc:1    | Noticed Harold
 20647 | Orc:1    | Killed Harold
 20862 | Orc:1    | Found Xiopsit's Mayhem Merchandise.
 21053 | Orc:2    | Found Utob's Book Shoppe.
 21067 | Orc:2    | Found Vamoruh's Weapon Shoppe.
 21071 | Orc:2    | Found Votriuca's Armour Emporium.
 21089 | Orc:2    | Found Puseuqip's Jewellery Emporium.
 21305 | Orc:2    | Found a staircase to the Elven Halls.
 22076 | Snake:1  | Entered Level 1 of the Snake Pit
 23067 | Snake:1  | Found Heracles's Dragon-Slaying Spoils.
 23597 | Snake:2  | Found Reashra's Magic Scroll Shoppe.
 23598 | Snake:2  | Found a glowing golden altar of the Shining One.
 24234 | Snake:2  | Noticed a nagaraja
 24247 | Snake:2  | Killed a nagaraja
 24248 | Snake:2  | Reached XP level 17. HP: 85/85 MP: 25/29
 24615 | Snake:3  | Found a runed translucent gate.
 24616 | Snake:3  | Found a runed translucent gate.
 24617 | Snake:3  | Found a runed translucent gate.
 24619 | Snake:3  | Noticed Implojin's ghost (adept VSNe)
 24644 | Snake:3  | Killed Implojin's ghost
 24653 | Snake:3  | Identified the +1 pair of gloves "Fuluyr" {*Corrode Int+3}
 24726 | Snake:3  | Reached skill level 15 in Shields
 24914 | Snake:3  | Identified the serpent talisman of Tahafikh {Int+6 Slay-2}
 24914 | Snake:3  | Noticed Aizul
 24921 | Snake:3  | Killed Aizul
 25640 | Snake:4  | Entered Level 4 of the Snake Pit
 25831 | Snake:3  | Reached skill level 10 in Armour
 25835 | Snake:3  | Got the Lectures on Grit
 26101 | Snake:1  | Bought the +7 swamp dragon scales "Gukudgh" {rPois rF+++
                  | rC+++ Str-3 Dex-5} for 1680 gold pieces
 26371 | Snake:4  | Found Xixeiden's Self-Published Books.
 27214 | Snake:4  | Reached XP level 18. HP: 90/90 MP: 30/30
 27294 | Snake:4  | Got a serpentine rune of Zot
 27744 | Snake:4  | Found Xixeiden's Self-Published Books.
 28466 | Swamp:1  | Entered Level 1 of the Swamp
 28553 | Swamp:1  | Identified the +1 short sword of Instinct {flame, MP+9
                  | Str+3}
 30502 | Swamp:4  | Entered Level 4 of the Swamp
 30684 | Swamp:4  | Reached XP level 19. HP: 59/93 MP: 31/31
 30765 | Swamp:4  | Got a decaying rune of Zot
 31484 | Vaults:1 | Entered Level 1 of the Vaults
 32487 | Vaults:1 | Noticed Saint Roka
 32495 | Vaults:1 | Killed Saint Roka
 32908 | Vaults:2 | Reached XP level 20. HP: 98/98 MP: 32/32
 33261 | Vaults:2 | Found Tooxt's Magic Scroll Boutique.
 33388 | Vaults:2 | Identified the +1 arbalest "Trog's Wrath" {elec, ^Fragile
                  | rPois rN+}
 33410 | Vaults:2 | Bought a scroll of revelation for 112 gold pieces
 34032 | Vaults:2 | Found a staircase to the Crypt.
 34358 | Vaults:3 | Identified the +1 rapier of Flawed Execution {holy, rElec
                  | rF- rN+ Will+ Str+2}
 34427 | Vaults:3 | Found a flickering gateway to a bazaar.
 34432 | Bazaar   | Entered a bazaar
 34432 | Bazaar   | Found Qauph's Jewellery Shop.
 34435 | Bazaar   | Found Irojis's Armour Emporium.
 34447 | Bazaar   | Found Liuro's Distillery.
 34457 | Bazaar   | Found Iddeiq's Magic Scroll Emporium.
 34493 | Vaults:3 | Got Jinoblim's Handbook of Turbulent Impulse
 34621 | Vaults:3 | Noticed Jory
 34632 | Vaults:3 | Killed Jory
 34734 | Vaults:3 | Reached skill level 10 in Fighting
 35511 | Vaults:3 | Reached XP level 21. HP: 109/109 MP: 33/33
 36948 | Vaults:4 | Found the +9 sword of Power {lifebolt}
 37436 | Vaults:5 | Entered Level 5 of the Vaults
 37855 | Depths:1 | Entered Level 1 of the Depths
 37855 | Depths:1 | Found a gateway to Hell.
 37870 | Depths:1 | Found a runed translucent gate.
 37872 | Depths:1 | Found a runed translucent gate.
 37873 | Depths:1 | Found a runed translucent gate.
 37882 | Depths:1 | Noticed Qiwept's ghost (veteran BaIE)
 38241 | Depths:1 | Found an opulent altar of Gozag.
 38340 | Depths:1 | Reached skill level 15 in Fighting
 38494 | Depths:1 | Killed Qiwept's ghost
 38576 | Depths:2 | Identified the +6 lajatang of Duirhiw {protect, *Slow rPois
                  | rF+ Int+3}
 38762 | Depths:2 | Found Caohely's Jewellery Shop.
 38762 | Depths:2 | Found Keangeem's Book Emporium.
 38763 | Depths:2 | Found Fouv's Book Emporium.
 38783 | Depths:2 | Found a one-way gate leading to the halls of Pandemonium.
 38834 | Depths:2 | Reached XP level 22. HP: 119/122 MP: 35/35
 41122 | Depths:3 | Found a shimmering blue altar of Sif Muna.
 41152 | Depths:3 | Got the Atlas of Fog
 41165 | Depths:3 | Got the Octavo of Hurting
 41206 | Depths:3 | Noticed an ancient lich
 41207 | Depths:3 | Noticed an ancient lich
 41209 | Depths:3 | Killed an ancient lich
 41212 | Depths:3 | Killed an ancient lich
 41223 | Depths:3 | Got the Tome of Toxicants
 41225 | Depths:3 | Got the Codex of Conduction
 41236 | Depths:3 | Got the Handbook of Ensorcelling and the Impact
 41238 | Depths:3 | Got the Grimoire of Hexing
 41391 | Depths:4 | Entered Level 4 of the Depths
 41544 | Depths:4 | Noticed a golden dragon
 41546 | Depths:4 | Found a gate to the Realm of Zot.
 41553 | Depths:4 | Killed a golden dragon
 41590 | Depths:4 | Reached XP level 23. HP: 89/124 MP: 37/37
 41680 | Depths:4 | Reached skill level 15 in Armour
 42124 | Depths:4 | Found a one-way gateway to a ziggurat.
 42871 | Elf:1    | Entered Level 1 of the Elven Halls
 42875 | Elf:1    | You fall into a shaft and drop 1 floor!
 42880 | Elf:2    | Reached skill level 15 in Short Blades
 42941 | Elf:2    | Found a runed translucent gate.
 42941 | Elf:2    | Found a runed translucent gate.
 42941 | Elf:2    | Found a runed translucent gate.
 43060 | Elf:1    | Found a crumbling gateway.
 43084 | Desolati | Entered the Desolation of Salt
 43117 | Desolati | Reached skill level 1 in Shapeshifting
 43305 | Desolati | Got the Tome of the Star-crossed Ouroboros
 43397 | Desolati | Reached skill level 5 in Shapeshifting
 43450 | Desolati | Got the Grimoire of the Floating Morgue
 43562 | Desolati | Got the Guide on the Autopsy and Bewitchment
 43600 | Desolati | Got the Enchiridion on Friendly Transposition
 43797 | Desolati | Found the ring of the Hare {EV+10}
 43797 | Desolati | Found the necklace of Bloodlust {Fury *Rage Will++ Int-3
                  | Slay+6}
 43883 | Elf:1    | Found a portal to a secret trove of treasure.
 43954 | Elf:1    | You paid a toll of 5 scrolls of fog to enter a treasure
                  | trove
 43955 | Trove    | Entered a treasure trove
 43992 | Trove    | Identified the staff of Xilunesk {rElec Will- rCorr Dex-3
                  | Conj}
 44010 | Trove    | Got Ereshkigal's Opusculum on Trauma and Resurrection
 44487 | Elf:1    | Got the Omnibus of Numb Accomplices
 44585 | Elf:1    | Paralysed by an air elemental for 1 turns
 44736 | Elf:1    | Reached XP level 24. HP: 131/131 MP: 36/37
 45101 | Elf:2    | Found a transporter.
 45107 | Elf:2    | Found a bloodstained altar of Trog.
 45107 | Elf:2    | Noticed Arctor's ghost (adept KoHs)
 45116 | Elf:2    | Found a transporter.
 45134 | Elf:2    | Killed Arctor's ghost
 45235 | Elf:2    | Identified the +0 scale mail of Ekeiw {Rampage rC++ rN+
                  | Regen+}
 45707 | Elf:3    | Entered Level 3 of the Elven Halls
 45768 | Elf:3    | Reached skill level 10 in Shapeshifting
 45862 | Elf:3    | Identified the +6 orcbow of Balance {drain, Stlth+}
 45865 | Elf:3    | Identified the +9 hand axe of Xom's Inspiration {venom,
                  | rElec rF- rN+ Stlth+}
 46216 | Elf:3    | Noticed Bai Suzhen
 46249 | Elf:3    | Killed Bai Suzhen
 46614 | Elf:3    | Paralysed by an air elemental for 1 turns
 46616 | Elf:3    | Paralysed by an air elemental for 1 turns
 46731 | Elf:3    | Identified the granite talisman of Suon Ysu {rC+ SInv}
 47134 | Elf:3    | Got the Grimoire of Seven Elven Habits
 47362 | Elf:3    | Found the +4 consecrated labrys {holy, Valiant ^Fragile Fly
                  | SInv}
 47362 | Elf:3    | Found the amulet of the Air {Inacc Air Fly rElec RMsl}
 47372 | Elf:3    | Identified the +3 hand axe of Broken Luck {venom, Dex+3}
 47376 | Elf:3    | Identified the staff "Foriluj" {Str+3 Earth}
 47379 | Elf:3    | Identified the +1 kite shield of a ziggurat {+Inv rElec
                  | rCorr Int-3}
 47384 | Elf:3    | Got Uggucuh's Grimoire of the Rocky Volcano
 47388 | Elf:3    | Got the Encyclopedia of the Last People
 47391 | Elf:3    | Identified the +4 flail "Ihuy" {elec, rElec}
 47750 | Slime:1  | Entered Level 1 of the Pits of Slime
 47815 | Slime:5  | Entered Level 5 of the Pits of Slime
 47952 | Slime:5  | Found a viscous altar of Jiyva.
 48026 | Slime:5  | Gained mutation: You are vulnerable to cold. (rC-) [a
                  | shining eye]
 48029 | Slime:5  | Gained mutation: You occasionally shout uncontrollably at
                  | your foes. [a shining eye]
 48035 | Slime:5  | Lost mutation: You occasionally shout uncontrollably at
                  | your foes. [potion of mutation]
 48035 | Slime:5  | Lost mutation: You are vulnerable to cold. (rC-) [potion of
                  | mutation]
 48035 | Slime:5  | Gained mutation: You occasionally lose the ability to drink
                  | potions when taking damage. [potion of mutation]
 48036 | Slime:5  | Lost mutation: You occasionally lose the ability to drink
                  | potions when taking damage. [potion of mutation]
 48036 | Slime:5  | Gained mutation: Your flesh is heat resistant. (rF+)
                  | [potion of mutation]
 48036 | Slime:5  | Gained mutation: You are weak. (Str -2) [potion of
                  | mutation]
 48036 | Slime:5  | Gained mutation: Your spells are a little harder to cast,
                  | but a little more powerful. [potion of mutation]
 48038 | Slime:5  | Noticed the Royal Jelly
 48048 | Slime:5  | Killed the Royal Jelly
 48094 | Slime:5  | Identified the +9 short sword "Cygyjady" {chaos, Dex+3}
 48120 | Slime:5  | Got a starry gem with 283 turns to spare
 48122 | Slime:5  | Got a slimy rune of Zot
 48149 | Slime:5  | Identified the +8 spear of the Crawling Thing {drain,
                  | Str+7}
 48153 | Slime:5  | Identified the +0 scale mail of Failure {Rampage ^Drain
                  | Int+4 Stlth+}
 48155 | Slime:5  | Identified the +10 quarterstaff of the Final Decision
                  | {venom, Str+5}
 48179 | Slime:5  | Identified the +5 ring mail "Kitt" {rF+ rC+ rN+}
 48186 | Slime:5  | Identified the staff of Doubt {rC+ Dex+2 Ice}
 48345 | D:10     | Bought a potion of attraction for 48 gold pieces
 48433 | Orc:2    | Bought a talisman of death for 1440 gold pieces
 48676 | Lair:5   | Killed Bopry's ghost
 48739 | Lair:5   | Voluntarily entered the Abyss.
 48761 | Abyss:1  | Found a corrupted altar of Lugonu.
 48771 | Abyss:1  | Found a corrupted altar of Lugonu.
 48771 | Abyss:1  | Found a corrupted altar of Lugonu.
 48959 | Abyss:2  | Found a corrupted altar of Lugonu.
 48970 | Abyss:2  | Found a corrupted altar of Lugonu.
 48970 | Abyss:2  | Found a corrupted altar of Lugonu.
 49472 | Abyss:3  | Got an abyssal rune of Zot
 49495 | Lair:5   | Escaped the Abyss
 49830 | Vaults:5 | Noticed a dread lich
 49846 | Vaults:5 | Killed a dread lich
 49847 | Vaults:5 | Reached XP level 25. HP: 135/135 MP: 31/37
 49911 | Vaults:5 | Reached skill level 15 in Shapeshifting
 50043 | Vaults:5 | Noticed a dread lich
 50046 | Vaults:5 | Killed a dread lich
 50071 | Vaults:5 | Identified the +4 plate armour of Vexation {rElec rF+ Int-2
                  | Slay+5}
 50204 | Vaults:5 | Identified the ring of Senon {Ice rN+}
 50221 | Vaults:5 | Identified the ring of the Madman {rN+ Dex+5}
 50238 | Vaults:5 | Noticed a dread lich
 50263 | Vaults:5 | Killed a dread lich
 50742 | Vaults:5 | Got a silver rune of Zot
 51066 | Vaults:5 | Identified the ring "Oto Waac" {rPois Int+5}
 51083 | Vaults:5 | Identified the +11 plate armour "Fawi" {rPois Dex+2}
 51131 | Vaults:5 | Identified the +2 hand axe of Moderation {drain, Will+
                  | rCorr Stlth-}
 52258 | Crypt:1  | Entered Level 1 of the Crypt
 52418 | Crypt:1  | Identified the +3 ring mail "Obyeloot" {^Drain rF+++ Regen+
                  | Str+3}
 52883 | Crypt:2  | Noticed Woadakig's ghost (veteran FoFi)
 52888 | Crypt:2  | Identified the +4 robe "Ipynig" {^Drain Fly Str+3}
 52899 | Crypt:2  | Found a runed translucent gate.
 52899 | Crypt:2  | Found a runed translucent gate.
 52899 | Crypt:2  | Found a runed translucent gate.
 53079 | Crypt:2  | Noticed Mennas
 53094 | Crypt:2  | Killed Mennas
 53095 | Crypt:2  | Reached XP level 26. HP: 140/140 MP: 34/37
 53130 | Crypt:2  | Noticed Grunn
 53139 | Crypt:2  | Killed Grunn
 53330 | Crypt:2  | Killed Woadakig's ghost
 53349 | Crypt:2  | Got the Textbook on Forceful Venin
 53713 | Crypt:2  | Noticed Sojobo
 53727 | Crypt:2  | Killed Sojobo
 53853 | Crypt:3  | Entered Level 3 of the Crypt
 54088 | Crypt:3  | Noticed a royal mummy
 54097 | Crypt:3  | Killed a royal mummy
 54333 | Crypt:3  | Noticed a dread lich
 54344 | Crypt:3  | Killed a dread lich
 54345 | Crypt:3  | Noticed an ancient lich
 54358 | Crypt:3  | Killed an ancient lich
 54421 | Crypt:3  | Found an ancient bone altar of Kikubaaqudgha.
 54606 | Crypt:3  | Noticed Xtahua
 54620 | Crypt:3  | Killed Xtahua
 54636 | Crypt:3  | Noticed Zenata
 54643 | Crypt:3  | Killed Zenata
 54977 | Crypt:3  | Found a staircase to the Tomb.
 55511 | Crypt:3  | Found the +6 Majin-Bo {spellvamp, MP+6 Int+6}
 55548 | Crypt:3  | Identified the ring of Ziss {Fly rC+ rN+}
 55548 | Crypt:3  | Identified the ring of the Evening {rN+ Will+ Str+4}
 55548 | Crypt:3  | Identified the ring "Ugigiq" {rElec rC+ rN+}
 56178 | Zot:1    | Entered Level 1 of the Realm of Zot
 56318 | Zot:1    | Reached XP level 27. HP: 65/145 MP: 30/37
 56704 | Zot:1    | Noticed an orb of fire
 56710 | Zot:1    | Killed an orb of fire
 57302 | Zot:2    | Identified the ring "Puhali" {Ice rElec Int+4}
 57391 | Zot:2    | Identified the ring "Yzaastuc" {Ice *Corrode +Blink Int+4
                  | Stlth+}
 57391 | Zot:2    | Noticed Josephina
 57404 | Zot:2    | Killed Josephina
 58420 | Zot:3    | Reached skill level 5 in Dodging
 58485 | Zot:3    | Identified the +2 scale mail of Maitol {Str-3 Dex+4 Stlth+}
 58845 | Zot:4    | Reached skill level 10 in Dodging
 59788 | Zot:5    | Entered Level 5 of the Realm of Zot
 59938 | Zot:5    | Noticed an orb of fire
 59944 | Zot:5    | Killed an orb of fire
 59965 | Zot:5    | Noticed an orb of fire
 59982 | Zot:5    | Killed an orb of fire
 59999 | Zot:5    | Noticed an orb of fire
 60006 | Zot:5    | Killed an orb of fire
 60015 | Zot:5    | Noticed a dread lich
 60024 | Zot:5    | Killed a dread lich
 60025 | Zot:5    | Reached skill level 15 in Dodging
 60043 | Zot:5    | Noticed a dread lich
 60045 | Zot:5    | Noticed a dread lich
 60047 | Zot:5    | Noticed an orb of fire
 60050 | Zot:5    | Killed a dread lich
 60056 | Zot:5    | Killed an orb of fire
 60059 | Zot:5    | Killed a dread lich
 60063 | Zot:5    | Noticed a dread lich
 60065 | Zot:5    | Killed a dread lich
 60065 | Zot:5    | Noticed a dread lich
 60065 | Zot:5    | Noticed an ancient lich
 60071 | Zot:5    | Killed an ancient lich
 60074 | Zot:5    | Killed a dread lich
 60076 | Zot:5    | Noticed an ancient lich
 60088 | Zot:5    | Killed an ancient lich
 60340 | Zot:5    | Noticed a dread lich
 60352 | Zot:5    | Killed a dread lich
 60656 | Zot:5    | Noticed an ancient lich
 60661 | Zot:5    | Killed an ancient lich
 61021 | Hell     | Entered the Vestibule of Hell
 61021 | Hell     | Noticed Geryon
 61030 | Hell     | Killed Geryon
 61093 | Hell     | Found a gateway to the decaying netherworld of Tartarus.
 61103 | Tar:1    | Entered Level 1 of Tartarus
 62585 | Tar:6    | Noticed an ancient lich
 62585 | Tar:6    | Noticed an ancient lich
 62585 | Tar:6    | Noticed a dread lich
 62591 | Tar:6    | Noticed an ancient lich
 62592 | Tar:6    | Noticed a dread lich
 62594 | Tar:6    | Killed an ancient lich
 62594 | Tar:6    | Noticed a dread lich
 62600 | Tar:6    | Killed a dread lich
 62607 | Tar:6    | Killed a dread lich
 62613 | Tar:6    | Killed a dread lich
 62616 | Tar:6    | Killed an ancient lich
 62618 | Tar:6    | Killed an ancient lich
 62657 | Tar:7    | Entered Level 7 of Tartarus
 63670 | Tar:7    | Found the +3 hat of Pondering {ponderous, Will+ MP+10
                  | Int+5}
 63843 | Tar:7    | Noticed Ereshkigal
 63929 | Tar:7    | Killed Ereshkigal
 63952 | Tar:7    | Got a bone rune of Zot
 64111 | Tar:7    | Identified the +1 buckler of the Neverending Spines {rC+}
 64366 | Tar:7    | Identified the +6 arbalest "Orydit" {flame, rPois Will-
                  | Str+3 Int+4}
 65011 | Hell     | Found a gateway to the freezing wastes of Cocytus.
 65025 | Coc:1    | Entered Level 1 of Cocytus
 65517 | Coc:3    | Paralysed by a wendigo for 1 turns
 65785 | Coc:4    | Paralysed by a wendigo for 1 turns
 65792 | Coc:4    | Paralysed by a wendigo for 1 turns
 65820 | Coc:4    | Paralysed by a wendigo for 1 turns
 66549 | Coc:7    | Entered Level 7 of Cocytus
 66650 | Coc:7    | Paralysed by a wendigo for 1 turns
 66677 | Coc:7    | Noticed Antaeus
 66682 | Coc:7    | Killed Antaeus
 66707 | Coc:7    | Got an icy rune of Zot
 66901 | Coc:7    | Paralysed by a wendigo for 1 turns
 66977 | Coc:7    | Found the ring of the Tortoise {AC+8}
 66986 | Coc:7    | Identified the ring of the Witching Seeker {Wiz rC+ Will+}
 67559 | Hell     | Found a gateway to the Iron City of Dis.
 67638 | Dis:1    | Entered Level 1 of the Iron City of Dis
 68973 | Dis:6    | Noticed a dread lich
 68984 | Dis:6    | Killed a dread lich
 69182 | Dis:7    | Entered Level 7 of the Iron City of Dis
 69814 | Dis:7    | Noticed the Serpent of Hell
 69821 | Dis:7    | Killed the Serpent of Hell
 70158 | Dis:7    | Noticed a juggernaut
 70172 | Dis:7    | Killed a juggernaut
 70426 | Dis:7    | Identified the ring "Fegralua" {rF+ Str+3 Dex+6}
 70456 | Dis:7    | Noticed Dispater
 70767 | Dis:7    | Noticed a juggernaut
 70775 | Dis:7    | Killed a juggernaut
 70798 | Dis:7    | Got Tuneir's Vellum of Esoterica
 70880 | Dis:7    | Noticed a juggernaut
 70890 | Dis:7    | Killed a juggernaut
 70961 | Dis:7    | Killed Dispater
 71005 | Dis:7    | Got an iron rune of Zot
 71018 | Dis:7    | Identified the blade talisman "Fagrenul" {rPois Will+ Str-4
                  | Dex+4}
 71188 | Hell     | Found a gateway to the ashen valley of Gehenna.
 71539 | Geh:1    | Entered Level 1 of Gehenna
 72776 | Geh:5    | Noticed an ancient lich
 72785 | Geh:5    | Killed an ancient lich
 73429 | Geh:7    | Entered Level 7 of Gehenna
 74629 | Geh:7    | Found the +13 sceptre of Asmodeus
 74629 | Geh:7    | Noticed Asmodeus
 74649 | Geh:7    | Killed Asmodeus
 74685 | Geh:7    | Got an obsidian rune of Zot
 75103 | Geh:7    | Found the +3 robe of Clouds {*Thunder rCloud rElec}
 75115 | Geh:7    | Identified the +12 battleaxe of Unesext {holy, rElec}
 75116 | Geh:7    | Identified the +4 war axe of Ijiusm {elec, rF+ Dex+3}
 75117 | Geh:7    | Identified the ring "Boyliwyng" {rPois rN+ Dex+2}
 75123 | Geh:7    | Identified the ring "Uqell" {Fire rPois Str+2}
 75132 | Geh:7    | Identified the +8 whip "Haiff" {drain, rN+}
 75492 | Pan      | Entered Pandemonium
 75695 | Pan      | Found an exit through the horrors of the Abyss.
 75908 | Pan      | Noticed Tiome the pandemonium lord
 75921 | Pan      | Killed Tiome the pandemonium lord
 76029 | Pan      | Found a runed translucent door.
 76041 | Pan      | Got a demonic rune of Zot
 76233 | Pan      | Found an exit through the horrors of the Abyss.
 76393 | Pan      | Noticed Cuwae the pandemonium lord
 76399 | Pan      | Killed Cuwae the pandemonium lord
 76561 | Pan      | Entered the realm of Mnoleg.
 76566 | Pan      | Noticed Mnoleg
 76575 | Pan      | Killed Mnoleg
 76844 | Pan      | Found an exit through the horrors of the Abyss.
 76911 | Pan      | Got a glowing rune of Zot
 77093 | Pan      | Entered the realm of Cerebov.
 77157 | Pan      | Found an exit through the horrors of the Abyss.
 77684 | Pan      | Found the +6 sword of Cerebov {flame}
 77684 | Pan      | Noticed Cerebov
 77692 | Pan      | Killed Cerebov
 77699 | Pan      | Got a fiery rune of Zot
 77854 | Pan      | Identified the staff "Dragon's Regret" {*Slow Fly rF++
                  | rCorr Conj}
 78078 | Pan      | Found a runed translucent door.
 78138 | Pan      | Reached skill level 27 in Invocations
 78316 | Pan      | Noticed Lerid the pandemonium lord
 78327 | Pan      | Killed Lerid the pandemonium lord
 78330 | Pan      | Entered the realm of Gloorx Vloq.
 78365 | Pan      | Found an exit through the horrors of the Abyss.
 78594 | Pan      | Noticed Gloorx Vloq
 78595 | Pan      | Killed Gloorx Vloq
 78605 | Pan      | Got a dark rune of Zot
 78700 | Pan      | Reached skill level 27 in Shields
 78919 | Pan      | Noticed Ihuxor the pandemonium lord
 78922 | Pan      | Killed Ihuxor the pandemonium lord
 78956 | Pan      | Noticed Oweixuipn the pandemonium lord
 78965 | Pan      | Killed Oweixuipn the pandemonium lord
 79094 | Pan      | Found an exit through the horrors of the Abyss.
 79126 | Pan      | Reached skill level 15 in Stealth
 79164 | Pan      | Entered the realm of Lom Lobon.
 79179 | Pan      | Noticed Lom Lobon
 79207 | Pan      | Killed Lom Lobon
 79220 | Pan      | Got a magical rune of Zot
 79910 | Pan      | Noticed Tiucsyim the pandemonium lord
 79921 | Pan      | Killed Tiucsyim the pandemonium lord
 79953 | Pan      | Found an exit through the horrors of the Abyss.
 79961 | Pan      | Took an exit into the Abyss.
 79961 | Abyss:3  | Escaped into the Abyss
 80107 | Abyss:4  | Found a corrupted altar of Lugonu.
 80153 | Abyss:5  | Found a corrupted altar of Lugonu.
 80194 | Abyss:5  | Noticed an ancient lich
 80199 | Abyss:5  | Killed an ancient lich
 80448 | Abyss:7  | Entered Level 7 of the Abyss
 80451 | Abyss:7  | :there we go
 80486 | Depths:2 | Escaped the Abyss
 81537 | Zot:5    | Got the Orb of Zot
 81677 | Zot:2    | Noticed Boni the pandemonium lord
 81704 | Zot:1    | Noticed Modir the pandemonium lord
 81716 | Zot:1    | Killed Modir the pandemonium lord
 82163 | Tomb:1   | Entered Level 1 of the Tomb of the Ancients
 82193 | Tomb:1   | Noticed Vov Vipn the pandemonium lord
 82199 | Tomb:1   | Killed Vov Vipn the pandemonium lord
 82288 | Tomb:1   | Noticed Butaug the pandemonium lord
 82297 | Tomb:1   | Killed Butaug the pandemonium lord
 82315 | Tomb:1   | Noticed Serghauri the pandemonium lord
 82321 | Tomb:1   | Killed Serghauri the pandemonium lord
 82372 | Tomb:1   | Noticed a royal mummy
 82392 | Tomb:1   | Killed a royal mummy
 82394 | Tomb:1   | Noticed a royal mummy
 82401 | Tomb:1   | Killed a royal mummy
 82401 | Tomb:1   | Noticed a royal mummy
 82408 | Tomb:1   | Noticed a royal mummy
 82412 | Tomb:1   | Killed a royal mummy
 82418 | Tomb:1   | Killed a royal mummy
 82666 | Tomb:1   | Learned a level 1 spell: Apportation
 82753 | Tomb:1   | Noticed Siroaq the pandemonium lord
 82757 | Tomb:1   | Killed Siroaq the pandemonium lord
 82758 | Tomb:1   | Reached skill level 1 in Translocations
 82831 | Tomb:2   | Noticed a royal mummy
 82831 | Tomb:2   | Noticed a royal mummy
 82831 | Tomb:2   | Noticed a royal mummy
 82845 | Tomb:2   | Noticed a royal mummy
 82850 | Tomb:2   | Killed a royal mummy
 82851 | Tomb:2   | Reached skill level 5 in Translocations
 82852 | Tomb:2   | Noticed a royal mummy
 82861 | Tomb:2   | Killed a royal mummy
 83018 | Tomb:3   | Entered Level 3 of the Tomb of the Ancients
 83027 | Tomb:3   | Noticed a royal mummy
 83033 | Tomb:3   | Noticed a royal mummy
 83037 | Tomb:3   | Killed a royal mummy
 83040 | Tomb:3   | Noticed a royal mummy
 83059 | Tomb:3   | Killed a royal mummy
 83060 | Tomb:3   | Reached skill level 10 in Translocations
 83063 | Tomb:3   | Noticed a royal mummy
 83076 | Tomb:3   | Killed a royal mummy
 83082 | Tomb:3   | Killed a royal mummy
 83084 | Tomb:3   | Noticed a royal mummy
 83084 | Tomb:3   | Noticed a royal mummy
 83084 | Tomb:3   | Noticed a royal mummy
 83084 | Tomb:3   | Noticed a royal mummy
 83111 | Tomb:3   | Killed a royal mummy
 83115 | Tomb:3   | Killed a royal mummy
 83122 | Tomb:3   | Killed a royal mummy
 83132 | Tomb:3   | Killed a royal mummy
 83185 | Tomb:3   | Got a sanguine gem with 1800 turns to spare
 83188 | Tomb:3   | Got a golden rune of Zot
 83206 | Tomb:3   | Noticed Nomediask the pandemonium lord
 83210 | Tomb:3   | Noticed Tuacwewk the pandemonium lord
 83224 | Tomb:3   | Noticed an ancient lich
 83226 | Tomb:3   | Killed Nomediask the pandemonium lord
 83233 | Tomb:3   | Killed an ancient lich
 83234 | Tomb:3   | Killed Tuacwewk the pandemonium lord
 83296 | Tomb:3   | Got Izekke's Omnibus of Direction and Adjuration
 83297 | Tomb:3   | Identified the +7 spear "Weidiunoe" {pain, +Blink rPois rF-
                  | rCorr}
 83300 | Tomb:3   | Identified the ring "Digopeb" {MP+9 Int+8 SInv}
 83304 | Tomb:3   | Got the Collected Works on Interference
 83306 | Tomb:3   | Identified the +0 chain mail "Bato" {-Tele rC+ Will+ rCorr
                  | SInv}
 83342 | Tomb:3   | Noticed Imadaob the pandemonium lord
 83349 | Tomb:3   | Killed Imadaob the pandemonium lord
 83393 | Tomb:3   | Identified the +2 chain mail of Dishonour {rF+ Str+2 Int+2
                  | Dex-3}
 83403 | Tomb:3   | Identified the +10 chain mail of Repulsion {Dex+4}
 83456 | Tomb:3   | Identified the +8 mace of Ghostly Offence {vamp, rElec
                  | rCorr Dex+2 SInv}
 83501 | Tomb:3   | Identified the +4 glaive of False Hope {spect, Dex+2}
 83502 | Tomb:3   | Identified the +9 dagger of Bloodstone {flame, Dex+4}
 83529 | Tomb:3   | :hmm
 83529 | Tomb:3   | :zigging would probably want to dump god and i still need
                  | usk win
 83529 | Tomb:3   | :better just win
 83579 | Tomb:1   | Noticed Vesajing the pandemonium lord
 83585 | Tomb:1   | Killed Vesajing the pandemonium lord
 83654 | Tomb:1   | Noticed Cyto the pandemonium lord
 83665 | Tomb:1   | Killed Cyto the pandemonium lord
 84169 | D:1      | :what a game
 84170 | D:$      | Escaped with the Orb!

Illustrated notes .##..... #........ ....#...#. #........# ###........# ##........... #X.#.#....... #z........# ###..#...# #.......... #..#........ ..###....e..# ... .#......# .. . ....... # # .#...#. ...... Turn 80451 on Abyss:7: :there we go

##......#*,.............
▓#########'####.............
▓########....##.............
▓######.^.....##...?........
▓####..........##...........
▓####$.........<##.....^....
▓###$$...........##........#
▓###$$$$^.........##)..)))##
▓###:$$):$.z..)...##.)..).##
▓###.|$$$?[))..^...#......#.
▓###|))))$$$.).....#)..)..#.
▓####|./[|.$.......'))....'.
▓#####.[[|$$.!.....#......#.
▓######))/=$.?.....#...^..#.
▓#######.)[$$.....##...^^^##
▓########))|$$....##.^....##
##.[$[...###^.....##


Turn 83529 on Tomb:3: :hmm #.....###.###.##........ ##################.#####
#.##..#.#.## #.# ###.#........## ##.## #.............###...#
###............#.....# #......~~~......##...#### ####.....~...~.....##......#
#........~.z.~......#....... #.##.....≈...~...........).#
#.##......~~≈......##......# #.###.............##...#...# ######.#
#.#...........#..#.##### .......########.......##..#.# .........#
#.....#.###..#.## .......################......###
......>###..#.##..####..###....## Turn 84169 on D:1: :what a game

Levels and vault maps discovered:
D:1:      enne_arrival_octagon_isle, layout_rooms, grunt_decor_fettered,
          nicolae_wormholes
D:2:      minmay_wonky_spiral, layout_basic, serial_shops, nicolae_shop_trees,
          minmay_divided_ellipse
D:3:      layout_basic, nicolae_qazlal_style_of_elements, uniq_terence
D:4:      layout_basic, kennysheep_mini, minmay_temple_entry_antechambers,
          chequers_serial_rivers_marsh, kennysheep_potato
D:5:      layout_rooms
D:6:      layout_basic, lemuel_crystal_altar, mainiacjoe_overflow_alcove_4,
          serial_shops, shop
D:7:      layout_rooms, uniq_prince_ribbit1, uniq_pikel, uniq_duvessa
D:8:      layout_loops_ring, mainiacjoe_overflow_small_starburst, tgw_sif,
          uniq_erica
D:9:      layout_irregular_city, nicolae_ru_awakened_eye, orc_0_dummy,
          serial_column_ruins, column_ruins_courtyard_long, column_ruins_hut,
          column_ruins_columns_straight, column_ruins_grid_4,
          column_ruins_columns_T
D:10:     layout_rooms, mainiacjoe_overflow_six_doors_small,
          grunt_lair_entry_orc_guard_hut, serial_shops, nicolae_shop_tiny_glass,
          uniq_maurice
D:11:     layout_roguey, serial_ice, serial_ice_m, serial_ice_h, serial_ice_g,
          serial_ice_d
D:12:     layout_rooms
D:13:     layout_irregular_city, ximxim_vaults_locker_room,
          ebering_ghost_disaster_area
D:14:     layout_roguey, chequers_serial_rivers_micro_c
D:15:     grunt_enter_depths_snipers, layout_loops_ring, minivault_25,
          serial_shops, shop
Temple:   nicolae_temple_great_sept
Lair:1:   layout_concentric_octagons, ebering_ghost_xom, minivault_23
Lair:2:   wander_river, layout_chaotic_city, kennysheep_rathole
Lair:3:   dreamdust_isle_of_ice, layout_hall_layers,
          mainiacjoe_swamp_entry_angry_trees, guppyfry_snake_entry_garden,
          lemuel_fruit_fields
Lair:4:   layout_cave_shapes, minmay_slime_entry_pillars,
          nicolae_volcano_entry_hallway, uniq_urug, uniq_snorg
Lair:5:   evilmike_catoblepas_cave, layout_small_grid,
          gammafunk_ghost_abyssal_escape, lemuel_centaur_altar
Swamp:1:  layout_basic_swamp, hangedman_swamp_ruin_wall, swamp_pool_3,
          nicolae_swamp_big_swirl, st_swamp_ruins_3
Swamp:2:  layout_basic_swamp, serial_swamp_ruin, evilmike_swamp_ruin_house_3,
          evilmike_swamp_ruin_wall, evilmike_swamp_ruin_house_6, swamp_pool_5,
          nicolae_swamp_well_well_well
Swamp:3:  layout_basic_swamp, evilmike_swamp_ruin_rubble_2
Swamp:4:  swamp_alternative, layout_basic_swamp, swamp_pool_4
Snake:1:  layout_layer_cave, st_stairs_1, nicolae_shop_dragon_depot
Snake:2:  layout_basic, basic_altar, serial_shops, shop, nicolae_triple_integral
Snake:3:  nicolae_snake_attic_fulla_snakes, layout_grid_maze,
          gammafunk_ghost_split, grunt_megastairs_5, uniq_aizul
Snake:4:  grunt_snake_rune_serpentine_throne, layout_cave_town, st_stairs_8,
          nicolae_custom_books, nrook_loot_triangle
Slime:1:  layout_caves
Slime:2:  layout_caves
Slime:3:  layout_caves
Slime:4:  layout_caves
Slime:5:  slime_pit_nicolae_jellycorners
Orc:1:    layout_caves, serial_shops, minmay_shop_mayhem, uniq_harold
Orc:2:    st_orc_mages, layout_caves, chequers_guarded_unrand_ignorance
Elf:1:    elf_arrival_002, layout_gridlike, portal_desolation_entry_twin_temple,
          nicolae_trove_entry_crossroad, nicolae_elf_blasts_and_bolts,
          dk_noncrumbling_4, pf_eden
Elf:2:    elven_hall_of_blades_hangedman_original [nicolae_blade_bullseye],
          layout_rooms, gammafunk_ghost_wrathful_warriors,
          portal_ice_cave_entry_pillars_2
Elf:3:    elf_hall_gauntlet_narrow, layout_onion_city, hellmonk_elf_help,
          uniq_bai_suzhen
Vaults:1: v_misc_30, nicolae_vaults_trapezoid_1, vaults_room_boxed, v_misc_25,
          nicolae_vaults_doubleplus_tesselated, nicolae_vaults_sightless_eye,
          vaults_room_guarded_vault, vaults_room_grunt_arrival_ludios,
          nicolae_vaults_ninety_degrees, nicolae_vaults_theta,
          nicolae_vaults_lightning_bolt, vaults_dpeg_cross, v_alt_pattern_3,
          layout_vaults_omnibox, serial_glass, uniq_saint_roka
Vaults:2: nicolae_vaults_storage_room_glass, st_octagons_1, v_pattern_2,
          nicolae_vaults_trapezoid_2, v_misc_1, vaults_standard_mumra_x,
          nicolae_vaults_sesquioval_fish, blue_anna_dwarven_crypt,
          nicolae_vaults_yaktaur_gun_rack, nicolae_vaults_tetromino_L_1,
          nicolae_vaults_trapezoid_2, nicolae_vaults_trapezoid_1,
          nicolae_vaults_tetromino_T_1, layout_vaults_omnicross, serial_shops,
          shop_fountains
Vaults:3: nicolae_vaults_disjoint_gnomons, vaults_dpeg_doors,
          ontoclasm_vaults_gateway, nicolae_vaults_diamond_1,
          nicolae_vaults_puzzle_piece, hangedman_vaults_nodes,
          ontoclasm_vaults_chip, nicolae_vaults_oval_intersection,
          nicolae_vaults_house_3, vaults_room_corners,
          nicolae_vaults_windows_and_doors_thing, nicolae_vaults_apartment_1,
          nicolae_vaults_tetromino_Z_1, layout_vaults_chaotic_city,
          serial_shops, bzr_entry_road, uniq_jory
Vaults:4: nicolae_vaults_little_ls, minmay_guarded_unrand_sword_of_power,
          v_misc_23, nicolae_vaults_six-pack, layout_vaults_quadrants
Vaults:5
Crypt:1:  layout_rooms
Crypt:2:  layout_basic, gammafunk_ghost_split, uniq_grunn, uniq_sojobo,
          uniq_mennas
Crypt:3:  evilmike_haunted_forest, uniq_zenata, uniq_xtahua
Tomb:1
Tomb:2
Tomb:3
Depths:1: layout_basic, chequers_serial_rivers_micro_d, gammafunk_ghost_split,
          hell_entry, minmay_misc_feat_pillars,
          nicolae_gozag_cash_rules_everything_around_me, grunt_megastairs_4
Depths:2: nzn_winding_woodlands_small [nzn_winding_woodlands_5x15_lazy_stream,
          nzn_winding_woodlands_center_triple_pond,
          nzn_winding_woodlands_5x15_parted], layout_basic, hell_entry,
          pan_entry, nicolae_abyss_entry_one_way_or_another,
          infiniplex_staircase_pool_1, beargit_elvish_explorers,
          minmay_shop_grove
Depths:3: evilmike_library_of_no_secrets, layout_basic, abyss_entry,
          nicolae_hell_entry_hellmouth_sunbeams, grunt_ministairs_3
Depths:4: grunt_zot_entry_alcove, layout_gridlike, enter_ziggurat_f,
          grunt_hell_entry_dis_old, hangedman_abyss_or_decor_stagger, pan_entry,
          due_unseen_surprise
Hell
Dis:1:    layout_subdivisions, nicolae_dis_scattering
Dis:2:    layout_regular_city
Dis:3:    layout_gridville
Dis:4:    layout_gridville
Dis:5:    layout_gridville
Dis:6:    layout_jigsaw, glass_columns_a
Dis:7:    dis_hangedman
Geh:1:    layout_gehenna_pools_box, lemuel_old_faithful
Geh:2:    layout_gehenna_pools_box, lemuel_flamethrower_3
Geh:3:    layout_gehenna_lava_caves
Geh:4:    layout_gehenna_pools_basic, nicolae_geh_amphitheater,
          nicolae_geh_lava_rosette
Geh:5:    layout_gehenna_pools_box
Geh:6:    layout_gehenna_lava_caves
Geh:7:    evilmike_geh
Coc:1:    layout_ice_bergs
Coc:2:    layout_cocytus_delve
Coc:3:    layout_cocytus_water_paths
Coc:4:    layout_cocytus_delve, nicolae_hells_hurtin_island
Coc:5:    nicolae_coc_on_the_berg
Coc:6:    layout_ice_bergs
Coc:7:    coc_dpeg
Tar:1:    layout_grid_maze, nicolae_tar_cuneiform_to_be
Tar:2:    layout_grid_maze, nicolae_tar_grid_combs
Tar:3:    layout_grid_maze, nicolae_tar_honey_rotating
Tar:4:    layout_cathedral_of_symmetry, nicolae_tar_cuneiform_oil
Tar:5:    layout_catacombs, evilmike_ambush [evilmike_ambush_outer_pillars,
          evilmike_ambush_inner_wall_2]
Tar:6:    layout_honeycomb, nicolae_tar_cuneiform_heaven,
          nicolae_hells_leichenhalle
Tar:7:    tar_mu [tar_mu_maze]
Zot:1:    hangedman_snap_crack_crunch, layout_onion_interference,
          hangedman_zot_decor_unnerving_road, zot_minivault_3
Zot:2:    kennysheep_ambush_hall, layout_basic, regret_index_zotdec_banners,
          uniq_josephina
Zot:3:    minmay_elemental_castle, layout_basic
Zot:4:    layout_gridlike, grunt_megastairs_1
Zot:5:    layout_cellular_growth, skrybe_zot_glass_1

Skill      XL: |  1  2  3  4  5  6  7  8  9 10 11 12 13 14 15 16 17 18 19 20 21 22 23 24 25 26 27 |
---------------+----------------------------------------------------------------------------------+-----
Fighting       | 1 2 4 5 8 11 15 26 | 26.4
Necromancy     | 5 |  5.0
Short Blades   | 2 4 8 10 12 14 16 20 | 20.0
Throwing       | 1 2 |  2.0
Invocations    | 2 5 9 10 12 14 15 16 18 27 | 27.0
Stealth        | 7 11 20 | 20.0
Shields        | 4 6 9 14 15 18 20 22 27 | 27.0
Evocations     | 3 4 |  4.0
Armour         | 5 6 12 14 15 24 | 24.0
Spellcasting   | 4 |  4.8
Shapeshifting  | 8 14 18 22 23 | 23.0
Dodging        | 17 | 17.0
Translocations | 10 | 10.0

Action                     |  1- 3 |  4- 6 |  7- 9 | 10-12 | 13-15 | 16-18 | 19-21 | 22-24 | 25-27 || total
---------------------------+-------+-------+-------+-------+-------+-------+-------+-------+-------++-------
  Melee: Hand axe          |     9 |       |       |       |       |       |       |       |       ||     9
         Bite              |     8 |    16 |    98 |   205 |   489 |   596 |   683 |  1117 |  5447 ||  8659
         Short sword       |    27 |       |       |       |       |       |       |       |       ||    27
         Dagger            |       |    82 |   276 |    78 |       |       |       |       |       ||   436
         Punch             |       |     2 |     3 |       |       |       |       |       |       ||     5
         Quick blade       |       |       |       |   483 |  1097 |  1468 |  1427 |  2097 |  8688 || 15260
  Throw: Dart              |       |    33 |    46 |    42 |     2 |       |       |       |       ||   123
         Boomerang         |       |       |    15 |       |       |     5 |     3 |     1 |     6 ||    30
         Throwing net      |       |       |       |     1 |       |     1 |       |       |       ||     2
   Cast: Necrotise         |    53 |    42 |       |       |       |       |       |       |       ||    95
 Invoke: Line Pass         |       |       |     7 |     2 |     6 |     6 |     1 |     7 |    18 ||    47
         Grand Finale      |       |       |       |     1 |     7 |    14 |     8 |    17 |    59 ||   106
  Evoke: Wand              |       |       |     4 |     2 |     2 |     6 |       |     1 |     9 ||    24
         Box of beasts     |       |       |       |       |       |       |       |       |     2 ||     2
         Phantom mirror    |       |       |       |       |       |       |       |       |     2 ||     2
    Use: Scroll            |       |     5 |     8 |    12 |    12 |    16 |     2 |     8 |    55 ||   118
         Potion            |       |       |     2 |     3 |     4 |     7 |       |     6 |     3 ||    25
   Stab: Sleeping          |     2 |       |       |     2 |     2 |     6 |    20 |    21 |     2 ||    55
         Distracted        |     1 |       |       |       |       |     1 |     1 |     4 |     4 ||    11
         Confused          |       |       |     3 |     2 |     5 |     5 |     1 |     4 |    31 ||    51
         Paralysed         |       |       |     5 |    35 |    53 |    85 |   129 |   135 |   475 ||   917
         Invisible         |       |       |       |     1 |       |       |       |       |       ||     1
         Held in net/web   |       |       |       |       |       |     1 |       |       |       ||     1
 Armour: Robe              |     7 |       |       |       |       |       |       |       |       ||     7
         Leather armour    |    28 |     7 |       |       |       |       |       |       |       ||    35
         Ring mail         |       |    26 |       |       |     8 |       |       |       |       ||    34
         Chain mail        |       |    67 |   267 |   271 |    84 |       |       |       |       ||   689
         Plate armour      |       |       |       |       |   393 |   253 |       |       |  1135 ||  1781
         Swamp dragon scal |       |       |       |       |       |   199 |   268 |   341 |    65 ||   873
  Dodge: Dodged            |    31 |    34 |    73 |    82 |    67 |    59 |    83 |   129 |   945 ||  1503
         Repelled          |       |       |       |     3 |     1 |       |       |     1 |     9 ||    14
  Block: Buckler           |       |       |       |    84 |   116 |       |       |       |       ||   200
         Kite shield       |       |       |       |       |    50 |   153 |       |       |       ||   203
         Tower shield      |       |       |       |       |       |   835 |   799 |  1279 |  4761 ||  7674
   Form: Death             |       |       |       |       |       |       |       |       |     1 ||     1
